 Dungeon Crawl Stone Soup version 0.23-a0-489-g205b0b6 (webtiles) character file.

4578 MisterFreud the Spear-Bearer (level 10, -8/75 HPs)
             Began as a Naga Fire Elementalist on Dec 2, 2018.
             Was a Priest of Cheibriados.
             Shot with an arrow by a centaur (15 damage)
             ... on level 9 of the Dungeon.
             The game lasted 00:30:53 (8894 turns).

MisterFreud the Spear-Bearer (NaFE)                 Turns: 8894, Time: 00:30:54

Health: -8/75      AC:  4    Str: 17    XL:     10   Next: 41%
Magic:  12/19      EV: 10    Int: 24    God:    Cheibriados [***...]
Gold:   137        SH:  0    Dex: 18    Spells: 8/21 levels left

rFire    . . .     SeeInvis +   A - +2 trident (protect)
rCold    . . .     Gourm    .   (no shield)
rNeg     . . .     Faith    .   F - +0 robe (curse)
rPois    +         Spirit   .   (no helmet)
rElec    .         Reflect  .   u - scarf {cloud immunity}
rCorr    .         Harm     .   (no gloves)
MR       +....                  (no barding)
Stlth    ++........             (no amulet)
HPRegen  0.22/turn              (no ring)
MPRegen  0.16/turn              (no ring)

@: very slow
A: large, see invisible, deformed body, poison resistance, slowness 2, slow
metabolism 1, spit poison 1, AC +3
a: Spit Poison, Bend Time, Temporal Distortion, Renounce Religion


You were on level 9 of the Dungeon.
You worshipped Cheibriados.
Cheibriados was most pleased with you.
You were hungry.

You visited 2 branches of the dungeon, and saw 10 of its levels.

You collected 459 gold pieces.
You spent 322 gold pieces at shops.

Inventory:

Hand Weapons
 e - a +0 spear
 o - a +0 scythe
 A - a +2 trident of protection (weapon)
Missiles
 b - 243 stones (quivered)
 f - 16 tomahawks
 g - 110 sling bullets
 j - 3 tomahawks of returning
 q - 32 poisoned needles
 x - 101 arrows
 B - 4 curare-tipped needles
 H - a throwing net
 K - 5 javelins
Armour
 a - a +0 robe
 u - a scarf of cloud immunity (worn)
 v - a +3 leather armour
 y - a +0 cloak
 F - a cursed +0 robe (worn)
Wands
 t - a wand of clouds (6)
 z - a wand of iceblast (10)
 J - a wand of paralysis (8)
Scrolls
 d - 4 scrolls of fog
 l - 6 scrolls of remove curse
 p - 2 scrolls of teleportation
 C - 2 scrolls of enchant weapon
 D - a scroll of amnesia
 E - a scroll of magic mapping
 I - a scroll of identify
Potions
 h - 2 potions of flight
 i - 3 potions of might
 k - a potion of heal wounds
 m - a potion of resistance
 n - a potion of ambrosia {unknown}
 r - a potion of agility
 s - a potion of haste {unknown}
 w - 3 potions of mutation
Comestibles
 c - 19 rations
 G - a chunk of flesh


   Skills:
 - Level 8.0 Polearms
 - Level 1.5 Dodging
 - Level 3.0 Stealth
 - Level 6.0 Spellcasting
 - Level 8.0 Conjurations
 - Level 8.0 Fire Magic
 + Level 1.7 Invocations


You had 8 spell levels left.
You knew the following spells:

 Your Spells              Type           Power        Failure   Level  Hunger
a - Flame Tongue          Conj/Fire      #####        1%          1    None
b - Conjure Flame         Conj/Fire      #####...     1%          3    #......
c - Sticky Flame          Conj/Fire      #####...     3%          4    ###....
d - Fireball              Conj/Fire      #####.....   9%          5    #####..

Your spell library contained the following spells:

 Spells                   Type           Power        Failure   Level  Hunger
 Throw Flame              Conj/Fire      #####.       1%          2    None
 Inner Flame              Hex/Fire       ####....     4%          3    #......


Dungeon Overview and Level Annotations

Branches:
Dungeon (9/15)             Temple (1/1) D:6
   Lair: D:8-11         Orc: D:9-12

Altars:
Ashenzari
Cheibriados
Dithmenos
Elyvilon
Fedhas
Gozag
Hepliaklqana
Kikubaaqudgha
Makhleb
Nemelex Xobeh
Okawaru
Qazlal
Ru
Sif Muna
Trog
Uskayaw
Vehumet
Wu Jian
Xom
Yredelemnul
Zin
The Shining One

Shops:
D:6 ?   D:8 }


Innate Abilities, Weirdness & Mutations

You cannot wear boots.
Your serpentine skin is tough. (AC +3)
You have supernaturally acute eyesight. (SInv)
Armour fits poorly on your strangely shaped body.
Your system is resistant to poisons. (rPois)
You cover ground very slowly.
You have a slow metabolism.
You can spit poison.


Message History

Press: ? - help, Shift-Dir - straight line, f - killer bee
Aim: a killer bee The sticky flame hits the killer bee.
The killer bee is heavily wounded.
The killer bee is covered in liquid flames!
The killer bee burns!
The killer bee stings you.
* * * LOW HITPOINT WARNING * * *
A killer bee comes into view.
The killer bee stings you.
* * * LOW HITPOINT WARNING * * *
The killer bee moves out of view.
You barely miss the killer bee.
The killer bee is almost dead.
The killer bee burns!
You kill the killer bee!
Cheibriados thoroughly appreciates the change of pace.
The centaur shoots an arrow.
The arrow hits you!
* * * LOW HITPOINT WARNING * * *
The centaur shoots an arrow.
The arrow hits you!
You die...

#.####### ####### .......
....... y..(.. .......
y.... ....... #...#
####### #...# #...#
####..y##################
.......c(@................
##########################


You could see a centaur and a killer bee.

Vanquished Creatures
  Grinder (D:3)
  A hornet (D:8)
  Sigmund (D:2)
  Menkaure (D:5)
  Duvessa (D:5)
  A water moccasin (D:7)
  4 orc warriors
  A phantom (D:5)
  A black bear (D:6)
  An ice beast (D:7)
  2 sky beasts (D:7)
  4 centaurs
  5 ogres
  A big kobold (D:7)
  Blork the orc (D:6)
  4 bullfrogs
  Dowan (D:5)
  A scorpion (D:7)
  10 killer bees
  4 howler monkeys
  4 crimson imps
  A bullfrog skeleton (D:8)
  5 hounds
  A centaur skeleton (D:7)
  3 orc priests
  4 orc wizards
  Ijyb (D:3)
  Terence (D:2)
  2 iguanas
  6 worker ants
  A hound skeleton (D:4)
  A howler monkey skeleton (D:4)
  8 adders
  A gnoll (D:9)
  4 shadow imps
  3 adder skeletons
  2 worms (D:6)
  A dart slug (D:1)
  5 leopard geckos
  37 orcs
  8 bats
  5 giant cockroaches
  3 goblins
  9 hobgoblins
  12 jackals
  3 quokkas (D:2)
  A ball python (D:2)
  4 frilled lizards
  12 kobolds
  A quokka zombie (D:7)
  9 rats
204 creatures vanquished.

Notes
Turn   | Place    | Note
-------+----------+-------------------------------------------
     0 | D:1      | MisterFreud the Naga Fire Elementalist began the quest for
                  | the Orb.
     0 | D:1      | Reached XP level 1. HP: 15/15 MP: 3/3
   463 | D:1      | Reached XP level 2. HP: 21/22 MP: 1/5
   738 | D:1      | Reached XP level 3. HP: 21/28 MP: 1/6
  1240 | D:2      | Noticed Terence
  1266 | D:2      | Learned a level 3 spell: Conjure Flame
  1354 | D:2      | Noticed Sigmund
  1365 | D:2      | Killed Sigmund
  1365 | D:2      | Reached XP level 4. HP: 25/36 MP: 0/7
  1365 | D:2      | Reached XP level 5. HP: 29/42 MP: 0/8
  1631 | D:2      | Killed Terence
  1631 | D:2      | Reached XP level 6. HP: 49/49 MP: 6/9
  1856 | D:3      | Found an opulent altar of Gozag.
  2049 | D:3      | Noticed Grinder
  2067 | D:2      | Learned a level 4 spell: Sticky Flame
  2103 | D:3      | Found a sacrificial altar of Ru.
  2122 | D:3      | Noticed Ijyb
  2127 | D:3      | Killed Ijyb
  2239 | D:3      | Killed Grinder
  2239 | D:3      | Reached skill level 5 in Conjurations
  2239 | D:3      | Reached skill level 5 in Fire Magic
  2239 | D:3      | Reached XP level 7. HP: 34/55 MP: 0/10
  2364 | D:3      | Found a sparkling altar of Nemelex Xobeh.
  2551 | D:4      | Found a shattered altar of Ashenzari.
  3525 | D:5      | Entered Level 5 of the Dungeon
  3525 | D:5      | Noticed Duvessa
  3525 | D:5      | Noticed Dowan
  3552 | D:5      | Reached XP level 8. HP: 50/62 MP: 2/13
  3664 | D:5      | Killed Dowan
  3664 | D:5      | Reached skill level 1 in Polearms
  3672 | D:5      | Killed Duvessa
  3808 | D:5      | Noticed Menkaure
  4067 | D:5      | Killed Menkaure
  4148 | D:5      | Reached skill level 5 in Polearms
  4840 | D:6      | Noticed Blork the orc
  5143 | D:6      | Reached XP level 9. HP: 65/68 MP: 13/15
  5151 | D:6      | Learned a level 5 spell: Fireball
  5244 | D:6      | Killed Blork the orc
  5732 | D:6      | Found Nitsiw's Magic Scroll Emporium.
  5747 | D:6      | Bought a scroll of brand weapon for 280 gold pieces
  5747 | D:6      | Bought a scroll of teleportation for 42 gold pieces
  5993 | D:6      | Found a staircase to the Ecumenical Temple.
  5999 | Temple   | Entered the Ecumenical Temple
  6062 | Temple   | Became a worshipper of Cheibriados the Contemplative
  6300 | D:7      | Reached skill level 5 in Spellcasting
  6476 | D:7      | Reached * piety under Cheibriados
  7128 | D:7      | Reached XP level 10. HP: 72/75 MP: 13/18
  7436 | D:7      | Reached ** piety under Cheibriados
  7932 | D:8      | Found an ancient bone altar of Kikubaaqudgha.
  8001 | D:8      | Paralysed by a hornet for 2 turns
  8397 | D:8      | Found Wumaheoss's Gadget Shop.
  8695 | D:9      | Reached *** piety under Cheibriados
  8788 | D:9      | Reached skill level 1 in Invocations
  8894 | D:9      | Shot with an arrow by a centaur

Vault maps used:
D:1:      dpeg_arrival_pits, minmay_cupped
D:2:      minmay_misc_feat_diagonals, uniq_sigmund, uniq_terence
D:3:      hangedman_ru_absence, nemelex_xobeh_ov_fountains_minmay, first_ration,
          nicolae_gozag_seed_capital, uniq_ijyb, uniq_grinder
D:4:      ashenzari_conservatory_becter, minmay_misc_feat_chi
D:5:      uniq_menkaure, uniq_duvessa
D:6:      black_bear_nest_1, minmay_temple_entry_hall, serial_shops, shop,
          uniq_blork_the_orc
D:8:      old_standard_altar, serial_shops, shop
D:9:      grunt_ogre_cave, chequers_garden, grunt_qazlal_sundering
Temple:   compressed_dpeg_circular_temple

Skill      XL: |  1  2  3  4  5  6  7  8  9 10 |
---------------+-------------------------------+-----
Conjurations   | 2 4 5 6 7 8 |  8.0
Fire Magic     | 4 5 6 7 8 |  8.0
Spellcasting   | 3 4 5 6 |  6.0
Polearms       | 6 8 |  8.0
Invocations    | 1 |  1.7
Dodging        | |  1.5
Stealth        | |  3.0

Action                   |  1- 3 |  4- 6 |  7- 9 | 10-12 || total
-------------------------+-------+-------+-------+-------++-------
Melee: Dagger            |    25 |       |       |       ||    25
       Spear             |     2 |       |       |       ||     2
       Scythe            |       |    15 |    80 |       ||    95
       Trident           |       |       |   114 |    58 ||   172
 Cast: Flame Tongue      |    32 |     8 |    74 |    25 ||   139
       Conjure Flame     |       |     1 |     3 |       ||     4
       Sticky Flame      |       |     2 |    36 |    25 ||    63
Invok: Temporal Distorti |       |       |       |     1 ||     1
 Abil: Spit Poison       |    34 |    23 |    57 |    16 ||   130
Evoke: Wand              |       |       |     1 |       ||     1
  Use: Scroll            |     2 |     4 |    12 |     1 ||    19
       Potion            |       |       |     5 |       ||     5
 Stab: Sleeping          |       |       |     2 |     2 ||     4
       Distracted        |       |       |     1 |       ||     1
  Eat: Chunk             |     3 |     4 |    17 |     3 ||    27
       Ration            |       |       |     2 |     1 ||     3
Armor: Robe              |     7 |     6 |     8 |     5 ||    26
       Leather armour    |       |       |    87 |    17 ||   104
Dodge: Dodged            |    26 |     7 |   146 |    30 ||   209

Table legend:
 A = Non-vault XP
 B = Vault XP
 C = Vault XP percentage of total XP
 D = Non-vault monster count
 E = Vault monster count
 F = Vault count percentage of total count
                 A         B        C        D         E       F
            +---------+---------+-------+---------+---------+-------
      Total |    5240 |    1301 |  19.9 |     192 |      12 |   5.9
            +---------+---------+-------+---------+---------+-------
        D:1 |      47 |       3 |   6.0 |      29 |       2 |   6.5
        D:2 |      44 |     259 |  85.5 |      21 |       2 |   8.7
        D:3 |      34 |     315 |  90.3 |      11 |       2 |  15.4
        D:4 |     482 |       0 |   0.0 |      21 |       0 |   0.0
        D:5 |     609 |     385 |  38.7 |      15 |       3 |  16.7
        D:6 |    1143 |     227 |  16.6 |      27 |       2 |   6.9
        D:7 |    1716 |       0 |   0.0 |      36 |       0 |   0.0
        D:8 |     585 |       0 |   0.0 |      18 |       0 |   0.0
        D:9 |     580 |     112 |  16.2 |      14 |       1 |   6.7
            +---------+---------+-------+---------+---------+-------
